 Dungeon Crawl Stone Soup version 0.29.1-12-g30fa7ad0bf (webtiles) character file.

Game seed: 6216314920959938015

147852 Bri the Severer (level 16, -4/151 HPs)
             Began as a Minotaur Fighter on Jan 15, 2023.
             Was an Initiate of Gozag.
             Slain by a spriggan rider
             ... wielding a +0 spear
              (18 damage)
             ... on level 2 of the Swamp.
             The game lasted 01:10:23 (28359 turns).

Bri the Severer (Minotaur Fighter)                 Turns: 28359, Time: 01:10:25

Health: -4/151     AC: 28    Str: 27    XL:     16   Next: 92%
Magic:  15/15      EV: 12    Int:  9    God:    Gozag
Gold:   167        SH:  0    Dex: 12    Spells: 15/15 levels left

rFire   + + .      SeeInvis +   x - +5 lochaber axe {reach-cleave, poleaxe}
rCold   . . .      Faith    .   (shield currently unavailable)
rNeg    . . .      Spirit   .   T - +3 plate armour "Novoepam" {rF++ Int+4}
rPois   +          Reflect  .   (helmet restricted)
rElec   .          Harm     .   D - +1 cloak {Will+}
rCorr   .          Rampage  .   l - +0 pair of gloves of Grace {SInv}
Will    +++..                   v - +2 pair of boots
Stlth   ..........              f - amulet of regeneration
HPRegen 1.15/turn               I - ring of poison resistance
MPRegen 0.14/turn               B - ring of willpower

@: no status effects
A: horns 2, retaliatory headbutt
a: Renounce Religion, Potion Petition, Call Merchant, Bribe Branch


You were on level 2 of the Swamp.
You worshipped Gozag.
Gozag was aware of your devotion.
You visited 6 branches of the dungeon, and saw 26 of its levels.
You also visited: Ice Cave and Volcano.

You collected 8619 gold pieces.
You spent 5484 gold pieces at shops.
You paid 2968 gold pieces to Gozag.

Inventory:

Hand Weapons
 a - the +6 war axe of the Thirteen Brambles {vorpal, Str+7}
   (You found it on level 11 of the Dungeon)

   It inflicts extra damage upon your enemies.
   Str:       It affects your strength (+7).
 b - a +4 spear
 x - the +5 lochaber axe (weapon) {reach-cleave, poleaxe}
   (You bought it in a shop on level 2 of the Orcish Mines)

   It can be evoked to extend its reach, and strikes at all foes within reach,
   dealing less damage to those not targeted.
   It uses either Axes or Polearms skill, whichever is higher.
 P - the +8 frozen axe "Frostbite" {freezing cloud, *Noise Fly rC+}
   (You bought it in a shop on level 2 of the Orcish Mines)

   It freezes those it strikes, dealing additional cold damage.
   It can also slow down cold-blooded creatures.
   It occasionally leaves clouds of freezing vapour upon striking a foe.
   It grants immunity to clouds of freezing vapour.
   rC:        It protects you from cold.
   Fly:       It grants you flight.
   *Noise:    It may make noises in combat.
Missiles
 R - a throwing net (quivered)
Armour
 l - the +0 pair of gloves of Grace (worn) {SInv}
   (You acquired it on level 5 of the Dungeon)

   SInv:      It lets you see invisible.
 v - a +2 pair of boots (worn)
 D - a +1 cloak of willpower (worn)
 N - a +1 tower shield
 T - the +3 plate armour "Novoepam" (worn) {rF++ Int+4}
   (You found it on level 5 of the Lair of Beasts)

   Int:       It affects your intelligence (+4).
   rF:        It greatly protects you from fire.
Jewellery
 f - an amulet of regeneration (around neck)
 g - a ring of see invisible
 m - a ring of wizardry
 p - an amulet of the acrobat
 B - a ring of willpower (right hand)
 I - a ring of poison resistance (left hand)
 L - a +4 ring of protection
Wands
 c - a wand of polymorph (3)
 d - a wand of charming (49)
 E - a wand of roots (2)
 G - a wand of mindburst (8)
 Q - a wand of flame (11)
Scrolls
 e - 6 scrolls of torment
 h - 19 scrolls of teleportation
 o - 2 scrolls of brand weapon
 q - 3 scrolls of summoning
 s - 5 scrolls of identify
 t - 3 scrolls of fear
 y - 6 scrolls of amnesia
 z - 4 scrolls of fog
 A - 5 scrolls of noise
 J - 4 scrolls of enchant weapon
 M - a scroll of enchant armour
 O - a scroll of poison
 S - 4 scrolls of magic mapping
Potions
 i - 2 potions of attraction
 j - 6 potions of degeneration
 k - 2 potions of magic
 n - 8 potions of curing
 r - 5 potions of cancellation
 u - 2 potions of haste
 w - 5 potions of heal wounds
 C - 2 potions of berserk rage
 F - 2 potions of ambrosia
 H - 3 potions of mutation
 K - a potion of might


   Skills:
 - Level 16.1 Fighting
 - Level 20.0 Axes
 - Level 16.0 Armour
 - Level 10.7 Dodging
 - Level 16.1 Shields
 + Level 8.6 Evocations


You had 15 spell levels left.
You didn't know any spells.
Your spell library contained the following spells:

 Spells                   Type           Power      Damage    Failure   Level
 Apportation              Tloc           0%         N/A       94%         1
 Necrotise                Necr           0%         1d4       94%         1
 Blink                    Tloc           0%         N/A       98%         2
 Static Discharge         Conj/Air       0%         3-3/arc   98%         2
 Sublimation of Blood     Necr           0%         N/A       98%         2
 Frozen Ramparts          Ice            0%         1d1       100%        3
 Gell's Gravitas          Tloc           0%         N/A       100%        3
 Teleport Other           Tloc           0%         N/A       100%        3
 Vampiric Draining        Necr           0%         2d6       100%        3
 Dispel Undead            Necr           0%         3d6       100%        4
 Ice Form                 Ice/Tmut       0%         N/A       100%        4
 Sticky Flame             Conj/Fire      0%         2d3       100%        4
 Summon Ice Beast         Ice/Summ       0%         N/A       100%        4
 Agony                    Necr           0%         N/A       100%        5
 Alistair's Intoxication  Tmut/Pois      0%         N/A       100%        5
 Borgnjor's Vile Clutch   Necr/Erth      0%         N/A       100%        5
 Manifold Assault         Tloc           0%         N/A       100%        5
 Summon Forest            Summ/Tloc      0%         N/A       100%        5
 Dispersal                Tloc           0%         N/A       100%        6
 Storm Form               Tmut/Air       0%         N/A       100%        7
 Infestation              Necr           0%         N/A       100%        8
 Shatter                  Erth           0%         3d5*      100%        9


Dungeon Overview and Level Annotations

Branches:
Dungeon (14/15)            Temple (0/1) D:7            Lair (5/5) D:11
  Swamp (2/4) Lair:3        Snake (1/4) Lair:2        Slime (0/5) Lair:5
    Orc (2/2) D:9             Elf (2/3) Orc:2        Vaults (0/5) D:13
  IceCv (visited)         Volcano (visited)

Altars:
Fedhas
Gozag
Hepliaklqana
Kikubaaqudgha
Makhleb
Nemelex Xobeh
Okawaru
Qazlal
Trog
Wu Jian

Shops:
D:6 ?   D:7 =**?   D:12 **   D:13 (   D:14 *([!   Orc:2 (*(**   Elf:1 *

Annotations:
D:4 exclusion: oklob plant
D:9 3 runed translucent doors, exclusion: obsidian statue, raph's ghost, novice HOFi


Innate Abilities, Weirdness & Mutations

You have a pair of horns on your head.
You reflexively headbutt those who attack you in melee.


Message History

You hear a shout! x3
Unknown command.
Found a scroll of fear.
The bunyip is distracted by your dazzling golden aura.
Unknown command.
As you read the scroll of fear, it crumbles to dust.
You assume a fearsome visage.
The bunyip gives a hideous shriek!
The bunyip resists with some effort.
The swamp worm looks frightened! x2
The bunyip no longer looks unusually strong.
A swamp worm comes into view.
Unknown command.
As you read the scroll of fear, it crumbles to dust.
You assume a fearsome visage.
The bunyip looks frightened!
The swamp worm looks frightened!
The bunyip is no longer distracted by gold.
Unknown command.
You enter the shallow water.
Moving in this stuff is going to be slow.
A spriggan rider comes into view. It is wielding a +0 spear.
A spriggan rider comes into view. It is wielding a +0 spear.
The spriggan rider shouts!
The spriggan rider hits you from afar with a +0 spear!
* * * LOW HITPOINT WARNING * * *
A spriggan rider comes into view. It is wielding a +0 spear.
Unknown command.
As you read the scroll of fear, it crumbles to dust.
You assume a fearsome visage.
The spriggan rider looks frightened!
The spriggan rider easily resists.
The spriggan rider looks frightened!
The spriggan rider shouts!
Unknown command.
Unknown command.
Reach: x) +5 lochaber axe {reach-cleave, poleaxe}
Press: ? - help, Dir - move target, f - spriggan rider
Aim: a spriggan rider, wielding a +0 spear (about 49% to evade the +5 lochaber axe)
You slash the spriggan rider!
The spriggan rider is lightly wounded.
The spriggan rider hits you from afar with a +0 spear!!
You die...
Your body crumbles into a pile of gold.

~§~~~~......~♣♣♣...~...§♣
♣♣~~~.♣w.....~♣~..§~~..♣ .
♣♣♣♣♣♣.~§~~~~..~~~~~~.♣♣...
~ ♣♣♣
♣.§~)~~~~§~~~~~~..~...
~..♣..
♣.~.~~.~~~~~~~..♣♣.~~
~.~...♣♣~.~...~~~~~~.~♣♣
♣♣~~♣>..♣♣..~~~~.~♣
♣~..........~~~~.♣~...~~
♣♣.~i.~i.@~~~~~~$♣♣~..~~
♣~~~.~~~♣♣~~~~~..♣♣~♣~~
.~♣♣♣♣♣..♣.....~..♣♣....
.~~ ♣♣♣♣~.~♣....x♣ .~~
..... ♣♣♣♣♣.~~..~♣ ~~ .....
~~§~~.♣♣ .._.. ♣♣♣~~~.~♣
~..... ♣.~~.$~. ♣♣.[~~~~~


You could see 2 spriggan riders and a swamp worm (fleeing).

Vanquished Creatures
  A deep elf blademaster (Elf:2)
  An orc warlord (Orc:2)
  A deep elf elementalist (Elf:1)
  Nessos (D:12)
  2 eleionomae
  A deep elf annihilator (Elf:2)
  A deep elf demonologist (Elf:1)
  A deep elf death mage (Elf:1)
  The ghost of Sadonosm the Carver, a journeyman DgSk (Lair:3)
  Snorg (Orc:1)
  Josephine (D:13)
  An ettin (Orc:2)
  4 boulder beetles
  A caustic shrike simulacrum (IceCv)
  7 hydras
  Erica (Orc:1)
  A vault guard (D:13)
  6 two-headed ogres
  A catoblepas (Lair:5)
  An ogre mage (Orc:2)
  25 dancing weapons
  2 centaur warriors (D:14)
  8 death yaks (Lair:5)
  A deep troll shaman (Lair:5)
  2 orc high priests
  2 tengu warriors (D:13)
  15 deep elf knights
  3 spriggans (Swamp:1)
  4 goliath frogs
  2 spriggan druids (Swamp:2)
  2 necromancers (Elf:1)
  A spriggan simulacrum (IceCv)
  A bog body (Swamp:1)
  5 deep elf archers
  Pikel (D:6)
  15 deep elf zephyrmancers
  An orc knight (D:12)
  7 wizards
  A lindwurm (shapeshifter) (Elf:2)
  2 obsidian statues (IceCv)
  20 deep elf pyromancers
  An ugly thing (D:13)
  2 cyclopes
  2 will-o-the-wisps (Swamp:1)
  5 orc sorcerers
  4 manticores
  5 toenail golems (Volcano)
  13 elephants
  An ice statue (Elf:2)
  10 black mambas
  2 gargoyles
  An unseen horror (D:11)
  3 rime drakes
  12 cane toads
  Maggie (D:8)
  A yaktaur (D:13)
  2 kobold demonologists (D:12)
  2 tengu conjurers (D:14)
  5 freezing wraiths (IceCv)
  2 ice devils (IceCv)
  15 komodo dragons
  6 trolls
  8 polar bears
  2 tyrant leeches
  Grinder (D:6)
  4 hornets
  3 blink frogs (Lair:2)
  11 slime creatures
  5 dream sheep (Lair:3)
  Eustachio (D:4)
  An air elemental (Elf:2)
  5 wraiths
  3 water elementals
  A fire elemental (Elf:2)
  8 wyverns
  2 shadows
  A vampire (D:11)
  6 basilisks
  2 large abominations (Elf:1)
  A human (shapeshifter) (Elf:1)
  35 yaks
  21 humans (D:13)
  2 steam dragons
  A redback (shapeshifter) (Elf:1)
  2 swamp worms (Swamp:2)
  9 vampire mosquitoes
  9 wargs
  Edmund (D:4)
  A water moccasin (shapeshifter) (D:14)
  2 hydra simulacra (IceCv)
  16 water moccasins
  28 orc warriors
  A sky beast (D:7)
  5 swamp drakes
  An ice beast (D:6)
  2 black bears
  An ettin simulacrum (IceCv)
  26 wolves
  11 centaurs
  6 ogres
  A lemure (D:6)
  6 kobold brigands
  A phantom (D:5)
  11 bullfrogs
  4 elf zombies (Elf:1)
  4 scorpions
  2 earth elementals
  A gnoll sergeant (D:9)
  14 wights
  A howler monkey (D:7)
  6 hounds
  A jelly (D:7)
  2 gnoll boudas
  28 orc priests
  4 iguanas
  44 orc wizards
  24 gnolls
  13 adders
  An ufetubus (D:4)
  8 worms
  A dart slug (D:2)
  79 orcs
  4 bats
  9 endoplasms
  A giant cockroach (D:4)
  4 goblins
  5 hobgoblins
  4 jackals (D:2)
  4 quokkas
  8 ball pythons
  4 frilled lizards
  28 kobolds
  10 rats
  A spectral hobgoblin (D:4)
833 creatures vanquished.

Vanquished Creatures (others)
  A deep elf knight (Elf:1)
  A deep elf zephyrmancer (Elf:2)
  A swamp worm (Swamp:2)
  10 foxfires (Swamp:1)
  15 fungi
  39 plants
67 creatures vanquished.

Grand Total: 900 creatures vanquished

Notes
Turn   | Place    | Note
-------+----------+-------------------------------------------
     0 | D:1      | Bri the Minotaur Fighter began the quest for the Orb.
     0 | D:1      | Reached XP level 1. HP: 19/19 MP: 0/0
    43 | D:1      | Reached XP level 2. HP: 24/27 MP: 1/1
   709 | D:2      | Reached skill level 3 in Axes
   709 | D:2      | Reached XP level 3. HP: 33/33 MP: 2/2
   936 | D:2      | Reached XP level 4. HP: 39/40 MP: 3/3
  1192 | D:2      | Found a faded altar of an unknown god.
  1470 | D:3      | Reached XP level 5. HP: 34/47 MP: 4/4
  1477 | D:3      | Reached skill level 4 in Axes
  1610 | D:3      | Reached skill level 5 in Armour
  1610 | D:3      | Reached skill level 5 in Shields
  1784 | D:3      | Reached skill level 5 in Fighting
  1795 | D:3      | Reached XP level 6. HP: 23/56 MP: 5/5
  2388 | D:3      | Found an ornate altar of the Wu Jian Council.
  2428 | D:4      | Found a sparkling altar of Nemelex Xobeh.
  2507 | D:4      | Noticed Edmund
  2532 | D:4      | Killed Edmund
  2658 | D:4      | Identified a scroll of acquirement
  2684 | D:4      | Noticed Eustachio
  2726 | D:4      | Killed Eustachio
  2727 | D:4      | Reached skill level 5 in Axes
  2727 | D:4      | Reached XP level 7. HP: 13/62 MP: 6/6
  3143 | D:4      | Found a hazy altar of Hepliaklqana.
  3581 | D:4      | Found a blossoming altar of Fedhas.
  3593 | D:4      | Noticed an oklob plant
  3735 | D:5      | Entered Level 5 of the Dungeon
  3799 | D:5      | Acquired the +0 pair of gloves of Grace {SInv}
  3859 | D:5      | Reached skill level 6 in Axes
  3859 | D:5      | Reached XP level 8. HP: 32/71 MP: 7/7
  4171 | D:5      | Found an iron altar of Okawaru.
  5237 | D:6      | Noticed Grinder
  5238 | D:6      | Paralysed by Grinder for 2 turns
  5261 | D:6      | Killed Grinder
  5262 | D:6      | Reached skill level 7 in Axes
  5322 | D:6      | Noticed Pikel
  5338 | D:6      | Killed Pikel
  5339 | D:6      | Reached XP level 9. HP: 47/81 MP: 8/8
  5708 | D:6      | Got the Quarto of the Terrestrial Map
  6045 | D:6      | Found Loas's Magic Scroll Emporium.
  6085 | D:6      | Bought a scroll of identify for 22 gold pieces
  6085 | D:6      | Bought a scroll of identify for 22 gold pieces
  6085 | D:6      | Bought a scroll of identify for 22 gold pieces
  6085 | D:6      | Bought a scroll of enchant weapon for 82 gold pieces
  6085 | D:6      | Bought a scroll of enchant weapon for 82 gold pieces
  6435 | D:7      | Reached skill level 8 in Axes
  6443 | D:7      | Found an opulent altar of Gozag.
  6460 | D:7      | Became a worshipper of Gozag Ym Sagoz the Greedy
  6528 | D:7      | Found a staircase to the Ecumenical Temple.
  6842 | D:7      | Found Ykaanade's Jewellery Emporium.
  6843 | D:7      | Found Eberuz's General Store.
  6844 | D:7      | Found Heemeob's Magic Scroll Boutique.
  6845 | D:7      | Found Rupaot's General Store.
  6859 | D:7      | Bought a scroll of enchant weapon for 82 gold pieces
  6879 | D:7      | Identified the +0 ring mail "Regg" {Dex+4}
  7831 | D:8      | Found a stormy altar of Qazlal.
  7909 | D:8      | Paralysed by a hornet for 1 turns
  8096 | D:8      | Noticed Maggie
  8112 | D:8      | Killed Maggie
  8113 | D:8      | Reached skill level 9 in Axes
  8113 | D:8      | Reached XP level 10. HP: 62/91 MP: 9/9
  8888 | D:9      | Reached skill level 10 in Fighting
  8888 | D:9      | Reached skill level 10 in Armour
  8888 | D:9      | Reached skill level 10 in Shields
  8945 | D:9      | Found a staircase to the Orcish Mines.
  8945 | D:9      | Noticed an obsidian statue
  9038 | D:9      | Found a runed translucent gate.
  9038 | D:9      | Found a runed translucent gate.
  9038 | D:9      | Found a runed translucent gate.
  9038 | D:9      | Found an opulent altar of Gozag.
  9044 | D:9      | Identified the +7 dagger "Wafath" {protect, Fly rC+}
  9263 | D:9      | Reached skill level 10 in Axes
  9530 | D:9      | Noticed raph's ghost (novice HOFi)
  9530 | D:9      | Noticed a centaur warrior
  9531 | D:9      | Noticed a centaur warrior
  9696 | D:10     | Entered Level 10 of the Dungeon
 10278 | D:10     | Found a burning altar of Makhleb.
 10818 | D:10     | Noticed a moth of wrath
 10820 | D:10     | Found a bloodstained altar of Trog.
 11232 | D:11     | Noticed a manticore
 11235 | D:11     | Identified the +6 war axe of the Thirteen Brambles {vorpal,
                  | Str+7}
 11245 | D:11     | Killed a manticore
 11246 | D:11     | Reached XP level 11. HP: 85/101 MP: 10/10
 11469 | D:11     | Noticed a boulder beetle
 11497 | D:11     | Killed a boulder beetle
 11894 | D:11     | Reached skill level 11 in Axes
 12021 | D:11     | Found a staircase to the Lair.
 12464 | Lair:1   | Entered Level 1 of the Lair of Beasts
 12593 | Lair:1   | Found a dark tunnel.
 12603 | Volcano  | Entered a volcano
 12610 | Volcano  | Noticed a wizard
 12614 | Volcano  | Killed a wizard
 12626 | Volcano  | Noticed a wizard
 12627 | Volcano  | Killed a wizard
 12672 | Volcano  | Noticed a +2 mace of flaming
 12680 | Volcano  | Killed a +2 mace of flaming
 12767 | Volcano  | Noticed a wizard
 12767 | Volcano  | Noticed a wizard
 12775 | Volcano  | Killed a wizard
 12776 | Volcano  | Killed a wizard
 12778 | Volcano  | Reached skill level 12 in Axes
 12832 | Volcano  | Noticed a wizard
 12838 | Volcano  | Killed a wizard
 12839 | Volcano  | Reached XP level 12. HP: 111/113 MP: 11/11
 13354 | Lair:1   | Reached skill level 1 in Dodging
 13672 | Lair:2   | Found a staircase to the Snake Pit.
 14143 | Lair:2   | Reached skill level 13 in Axes
 14538 | Lair:3   | Noticed a five-headed hydra
 14549 | Lair:3   | Noticed a four-headed hydra
 14557 | Lair:3   | Killed a five-headed hydra
 14558 | Lair:3   | Reached XP level 13. HP: 44/122 MP: 12/12
 15031 | Lair:3   | Noticed Sadonosm's ghost (journeyman DgSk)
 15089 | Snake:1  | Entered Level 1 of the Snake Pit
 15352 | Lair:3   | Found a runed translucent door.
 15398 | Lair:3   | Reached skill level 5 in Dodging
 15538 | Lair:3   | Found a staircase to the Swamp.
 15905 | Lair:3   | Killed Sadonosm's ghost
 16664 | Lair:4   | Reached skill level 14 in Axes
 16878 | Lair:5   | Entered Level 5 of the Lair of Beasts
 17125 | Lair:5   | Found a staircase to the Slime Pits.
 17570 | Lair:5   | Reached XP level 14. HP: 101/133 MP: 13/13
 18475 | Lair:5   | Identified the +3 plate armour "Novoepam" {rF++ Int+4}
 18788 | D:12     | Reached skill level 15 in Shields
 18796 | D:12     | Reached skill level 15 in Fighting
 18834 | D:12     | Reached skill level 15 in Armour
 18870 | D:12     | Found Vigus's Assorted Antiques.
 19015 | D:12     | Noticed Nessos
 19029 | D:12     | Killed Nessos
 19215 | D:12     | Found Ybria's Assorted Antiques.
 19339 | D:12     | Reached skill level 15 in Axes
 19941 | D:13     | Noticed Josephine
 19950 | D:13     | Killed Josephine
 20133 | D:13     | Found Gycafimoj's Weapon Shop.
 20403 | D:13     | Found a gate to the Vaults.
 20810 | D:14     | Found Lunim's Armour Boutique.
 20810 | D:14     | Found Urchao Nuhuh's Distillery.
 20811 | D:14     | Found Pubofasch's Weapon Boutique.
 20815 | D:14     | Found Juofyj Dere's Assorted Antiques.
 20842 | D:14     | Bought a +1 cloak of willpower for 214 gold pieces
 21061 | D:14     | Reached XP level 15. HP: 141/143 MP: 14/14
 21980 | Orc:1    | Entered Level 1 of the Orcish Mines
 22079 | Orc:1    | Noticed Snorg
 22089 | Orc:1    | Noticed Erica
 22102 | Orc:1    | Killed Erica
 22105 | Orc:1    | Killed Snorg
 22413 | Orc:2    | Entered Level 2 of the Orcish Mines
 22422 | Orc:2    | Reached skill level 10 in Dodging
 22766 | Orc:2    | Found Bosmu's CLEARANCE SALE!.
 23002 | Orc:2    | Noticed an orc warlord
 23140 | Orc:2    | Killed an orc warlord
 23364 | Orc:2    | Found a staircase to the Elven Halls.
 23427 | Orc:2    | Found Qyim's Weapon Emporium.
 23427 | Orc:2    | Found Musyufria's Assorted Antiques.
 23428 | Orc:2    | Found Ochi Bur's General Store.
 23432 | Orc:2    | Found Efanto's Antique Weapon Shoppe.
 23438 | Orc:2    | Bought 2 scrolls of teleportation for 180 gold pieces
 23439 | Orc:2    | Bought a scroll of teleportation for 54 gold pieces
 23440 | Orc:2    | Bought the +8 frozen axe "Frostbite" {freezing cloud,
                  | *Noise Fly rC+} for 2824 gold pieces
 23440 | Orc:2    | Found the +8 frozen axe "Frostbite" {freezing cloud, *Noise
                  | Fly rC+}
 23762 | Elf:1    | Entered Level 1 of the Elven Halls
 23771 | Elf:1    | Reached skill level 16 in Axes
 24281 | Elf:1    | Got Fycwiloi's Handbook of Dark Secrets
 24392 | Elf:1    | Reached skill level 17 in Axes
 24418 | Elf:1    | Found Zaemach's Assorted Antiques.
 24465 | Elf:1    | Noticed an Ice Fiend
 24732 | Elf:2    | Paralysed by an air elemental for 1 turns
 24739 | Elf:2    | Paralysed by an air elemental for 1 turns
 24803 | Elf:2    | Reached skill level 18 in Axes
 25155 | Elf:2    | Reached XP level 16. HP: 150/151 MP: 15/15
 25223 | Elf:2    | Found a frozen archway.
 25236 | IceCv    | Entered an ice cave
 25298 | IceCv    | Reached skill level 19 in Axes
 26165 | Elf:2    | Reached skill level 20 in Axes
 26227 | Elf:2    | Found a runed translucent gate.
 26227 | Elf:2    | Found a runed translucent gate.
 26233 | Elf:2    | Found a runed translucent gate.
 26251 | Elf:2    | Reached skill level 1 in Evocations
 26416 | Elf:2    | Noticed a deep elf blademaster
 26438 | Elf:2    | Killed a deep elf blademaster
 26474 | Elf:2    | Reached skill level 5 in Evocations
 26924 | Orc:2    | Bought the +5 lochaber axe {reach-cleave, poleaxe} for 1640
                  | gold pieces
 26924 | Orc:2    | Found the +5 lochaber axe {reach-cleave, poleaxe}
 27237 | Swamp:1  | Entered Level 1 of the Swamp
 27765 | D:7      | Bought a ring of poison resistance for 260 gold pieces
 28167 | Swamp:1  | You fall into a shaft and drop 1 floor!
 28318 | Swamp:2  | Found an ancient bone altar of Kikubaaqudgha.
 28346 | Swamp:2  | HP: 7/151 [bunyip (34)]
 28359 | Swamp:2  | Slain by a spriggan rider

Illustrated notes

Levels and vault maps discovered:
D:1:      dpeg_arrival_radiant, layout_rooms
D:2:      layout_rooms, hellmonk_ecumenical_altar_defaced_shrine,
          chequers_avenue, minmay_between
D:3:      layout_loops_cross, mainiacjoe_overflow_alcove_4, serial_rivers,
          chequers_serial_rivers_micro_d, chequers_serial_rivers_micro_d,
          chequers_serial_rivers_small_3, chequers_serial_rivers_micro_d,
          chequers_serial_rivers_small_a, kennysheep_generic_room_3
D:4:      layout_loops_cross, mainiacjoe_overflow_alcove_1,
          nicolae_hepliaklqana_monster_ancestors, tgw_fedhas, uniq_eustachio,
          uniq_edmund
D:5:      layout_rooms, mainiacjoe_overflow_paths, roderic_cross_of_infinity
D:6:      layout_basic, serial_shops, shop_coins, chequers_jeans, minivault_4,
          uniq_grinder, uniq_pikel
D:7:      layout_loops_ring, mainiacjoe_overflow_small_starburst,
          minmay_temple_entry_drinking_statues, nicolae_wooded_promenade,
          st_stairs_2, serial_bayou_crossing
D:8:      layout_basic, grunt_qazlal_sundering, patterned_corridor, uniq_maggie
D:9:      layout_basic, minmay_orc_entry_guard_dogs, ebering_ghost_gozag
D:10:     layout_grid_maze, tgw_trog, amcnicky_altar_gilded
D:11:     layout_irregular_city, erik_lair_dragon,
          nicolae_kite_square_tiling_tiny
D:12:     layout_grid_maze, serial_shops, shop, shop, uniq_nessos
D:13:     layout_basic, grunt_vaults_entry_tiered, serial_shops,
          nicolae_shop_bloodbath_and_beyond, eino_tiny_chamber, uniq_josephine
D:14:     layout_stronghold, minmay_shop_grid_forest
Lair:1:   layout_roguey, nicolae_volcano_entry_hallway, columned_hall_lemuel
Lair:2:   layout_regular_city, minmay_snake_entry_six_corridors
Lair:3:   layout_chaotic_city, minmay_swamp_entry_swarm,
          hellmonk_ghost_happy_afterlife, grunt_megastairs_1,
          infiniplex_staircase_pool
Lair:4:   layout_gridlike, hangedman_lair_generics_rect
Lair:5:   grunt_lair_end_beastmaster, layout_concentric_octagons, slime_entry_1,
          grunt_megastairs_3
Swamp:1:  layout_basic_swamp, nicolae_swamp_tree_designs, swamp_pool5
Swamp:2:  layout_basic_swamp, ebering_ghost_xom, basic_altar,
          nicolae_swamp_fairy_circle, swamp_pool1, uniq_jorgrun
Snake:1:  layout_misc_corridors, nicolae_snake_slithery_hallway
Orc:1:    layout_caves, uniq_snorg, uniq_erica
Orc:2:    st_orc_mages, layout_diamond_mine, nicolae_shop_clearance
Elf:1:    layout_geoelf_octagon, serial_shops, shop_statue,
          minmay_elf_necromancy
Elf:2:    nicolae_elf_blades_splatter_lattice
          [nicolae_vaults_blade_armed_guards], layout_rooms,
          portal_ice_cave_entry_ice_statue_one

Skill      XL: |  1  2  3  4  5  6  7  8  9 10 11 12 13 14 15 16 |
---------------+-------------------------------------------------+-----
Armour         | 4 5 6 8 9 10 12 13 14 15 16 | 16.0
Shields        | 4 5 6 8 9 10 12 13 14 15 16 | 16.1
Fighting       | 4 5 6 8 9 10 12 13 14 15 16 | 16.1
Axes           | 3 4 5 6 7 9 10 12 13 14 15 18 20 | 20.0
Dodging        | 4 7 9 10 | 10.7
Evocations     | 8 |  8.6

Action                   |  1- 3 |  4- 6 |  7- 9 | 10-12 | 13-15 | 16-18 || total
-------------------------+-------+-------+-------+-------+-------+-------++-------
Melee: War axe           |    57 |   161 |   280 |   433 |   931 |   322 ||  2184
       Headbutt          |     5 |    27 |    60 |    91 |   226 |    86 ||   495
       Spear             |       |       |       |       |    39 |     6 ||    45
       Executioner's axe |       |       |       |       |    48 |       ||    48
       Lochaber axe      |       |       |       |       |       |    94 ||    94
Throw: Throwing net      |       |       |       |       |     1 |       ||     1
Invok: Potion Petition   |       |       |       |       |     4 |     2 ||     6
Evoke: Wand              |       |       |     6 |     7 |     3 |     1 ||    17
  Use: Scroll            |       |     4 |    14 |     6 |    12 |     5 ||    41
       Potion            |       |     3 |       |     1 |     4 |     2 ||    10
 Stab: Distracted        |       |       |     1 |     6 |     5 |     4 ||    16
       Invisible         |       |       |       |       |     5 |    12 ||    17
Armor: Scale mail        |    29 |    19 |   115 |   213 |   175 |       ||   551
       Plate armour      |       |    56 |       |       |   275 |   187 ||   518
       Skin              |       |     3 |       |       |       |       ||     3
Dodge: Dodged            |    30 |    63 |   153 |   180 |   319 |   100 ||   845
Block: Buckler           |    14 |    38 |    56 |   120 |    74 |       ||   302
       Tower shield      |       |       |       |       |   385 |   231 ||   616
       Kite shield       |       |       |       |       |   107 |       ||   107
